1813 views
Uploaded 2022-12-17 14:12:16
Game version 1.32.10
22:53 long 1on1 ladder game on (2)EchoIsles
Saved by DKnight
1813 views
Uploaded 2022-12-17 14:12:16
Game version 1.32.10
22:53 long 1on1 ladder game on (2)EchoIsles

42 units @ 7.9k
/ 1.4k
14 buildings @ 2.3k
/ 0.8k


| Rod of Necromancy | 3 | 450 |
| Potion of Healing | 2 | 300 |
| Orb of Corruption | 1 | 375 |
| Scroll of Town Portal | 1 | 350 |
| Scroll of Healing | 1 | 250 |
| Potion of Lesser Invulnerability | 2 | 300 |
| Scroll of Protection | 1 | 150 |
| total: | 11 | 2175g |
| Acolyte | 7 | 525 | / | 0 |
| Ghoul | 6 | 720 | / | 0 |
| Crypt Fiend | 15 | 3225 | / | 600 |
| Obsidian Statue | 9 | 1800 | / | 315 |
| Abomination | 2 | 480 | / | 140 |
| Frost Wyrm | 3 | 1155 | / | 360 |
| total: | 42 | 7905g | / | 1415w |
| Nerubian Tower | 1 | 100 | / | 20 |
| Spirit Tower | 1 | 145 | / | 40 |
| Crypt | 1 | 200 | / | 50 |
| Altar of Darkness | 1 | 180 | / | 50 |
| Ziggurat | 7 | 1050 | / | 350 |
| Tomb of Relics | 1 | 130 | / | 30 |
| Graveyard | 1 | 215 | / | 0 |
| Necropolis | 1 | 225 | / | 0 |
| Slaughterhouse | 1 | 140 | / | 135 |
| Boneyard | 1 | 175 | / | 200 |
| Halls of the Dead | 1 | 320 | / | 210 |
| Black Citadel | 1 | 325 | / | 230 |
| total: | 14 | 2315g | / | 815w |
| 0:04 | Acolyte |
| 0:04 | Acolyte |
| 0:06 | Crypt |
| 0:10 | Altar of Darkness |
| 0:33 | Ziggurat |
| 0:41 | Acolyte |
| 0:58 | Tomb of Relics |
| 1:09 | Ghoul |
| 1:18 | Ghoul |
| 1:33 | Ziggurat |
| 1:47 | Ghoul |
| 2:00 | Ghoul |
| 2:21 | Rod of Necromancy |
| 2:24 | Death Coil |
| 2:50 | Halls of the Dead |
| 3:23 | Graveyard |
| 3:41 | Ghoul |
| 4:18 | Ziggurat |
| 4:30 | Ghoul |
| 4:31 | Nerubian Tower |
| 4:49 | Crypt Fiend |
| 4:57 | Rod of Necromancy |
| 5:54 | Black Citadel |
| 6:01 | Unholy Aura |
| 6:11 | Frost Nova |
| 6:14 | Slaughterhouse |
| 6:19 | Potion of Healing |
| 6:51 | Crypt Fiend |
| 7:08 | Ziggurat |
| 7:38 | Obsidian Statue |
| 7:52 | Obsidian Statue |
| 7:53 | Burrow |
| 8:13 | Dark Ritual |
| 8:20 | Destroyer Form |
| 8:35 | Ziggurat |
| 8:37 | Creature Attack |
| 8:47 | Orb of Corruption |
| 9:15 | Ghoul Frenzy |
| 9:36 | Death Coil |
| 9:43 | Crypt Fiend |
| 9:46 | Obsidian Statue |
| 10:28 | Obsidian Statue |
| 10:52 | Crypt Fiend |
| 11:22 | Frost Nova |
| 12:08 | Crypt Fiend |
| 12:11 | Death Pact |
| 12:31 | Crypt Fiend |
| 12:32 | Obsidian Statue |
| 12:42 | Frost Armor |
| 12:46 | Crypt Fiend |
| 12:59 | Crypt Fiend |
| 13:28 | Acolyte |
| 13:36 | Obsidian Statue |
| 13:47 | Rod of Necromancy |
| 14:30 | Acolyte |
| 14:31 | Acolyte |
| 14:54 | Potion of Lesser Invulnerability |
| 14:57 | Acolyte |
| 15:06 | Crypt Fiend |
| 15:48 | Ziggurat |
| 15:51 | Necropolis |
| 16:02 | Improved Creature Attack |
| 16:44 | Death Coil |
| 16:57 | Boneyard |
| 16:59 | Abomination |
| 17:05 | Spirit Tower |
| 17:06 | Ziggurat |
| 17:14 | Crypt Fiend |
| 17:53 | Crypt Fiend |
| 18:05 | Obsidian Statue |
| 18:06 | Crypt Fiend |
| 18:09 | Frost Nova |
| 18:29 | Frost Wyrm |
| 18:31 | Crypt Fiend |
| 18:46 | Scroll of Town Portal |
| 18:54 | Potion of Healing |
| 19:22 | Abomination |
| 19:26 | Crypt Fiend |
| 19:57 | Frost Wyrm |
| 20:49 | Animate Dead |
| 20:54 | Crypt Fiend |
| 20:55 | Frost Wyrm |
| 21:21 | Obsidian Statue |
| 21:32 | Potion of Lesser Invulnerability |
| 21:41 | Scroll of Healing |
| 21:44 | Scroll of Protection |
| 22:22 | Dark Ritual |
| 22:28 | Obsidian Statue |
| 22:43 | Freezing Breath |
| Right click | 1236 |
| Select group | 1117 |
| Select | 456 |
| Build/train/purchase | 124 |
| Misc. action | 96 |
| Assign group | 74 |
| Use ability | 68 |
| Chat | 5 |
| Item give/drop | 2 |
61 units @ 8.7k
/ 0.6k
15 buildings @ 2.5k
/ 0.6k


| Rod of Necromancy | 2 | 300 |
| Sacrificial Skull | 1 | 50 |
| Potion of Mana | 2 | 400 |
| Scroll of Town Portal | 2 | 700 |
| Scroll of Healing | 3 | 750 |
| Scroll of Protection | 1 | 150 |
| total: | 11 | 2350g |
| Acolyte | 9 | 675 | / | 0 |
| Ghoul | 33 | 3960 | / | 0 |
| Crypt Fiend | 14 | 3010 | / | 560 |
| Forest Troll Shadow Priest | 2 | 390 | / | 20 |
| Forest Troll Berserker | 1 | 245 | / | 30 |
| Mud Golem | 1 | 145 | / | 10 |
| Ogre Mauler | 1 | 300 | / | 0 |
| total: | 61 | 8725g | / | 620w |
| Spirit Tower | 4 | 580 | / | 160 |
| Crypt | 3 | 600 | / | 150 |
| Altar of Darkness | 1 | 180 | / | 50 |
| Ziggurat | 8 | 1200 | / | 400 |
| Graveyard | 1 | 215 | / | 0 |
| Tomb of Relics | 1 | 130 | / | 30 |
| Necropolis | 1 | 225 | / | 0 |
| Halls of the Dead | 1 | 320 | / | 210 |
| Black Citadel | 1 | 325 | / | 230 |
| total: | 15 | 2550g | / | 630w |
| 0:03 | Acolyte |
| 0:04 | Acolyte |
| 0:08 | Crypt |
| 0:15 | Altar of Darkness |
| 0:35 | Ziggurat |
| 1:03 | Graveyard |
| 1:13 | Ziggurat |
| 1:27 | Tomb of Relics |
| 1:41 | Ghoul |
| 1:57 | Ghoul |
| 2:25 | Crypt Fiend |
| 2:36 | Carrion Beetles |
| 2:41 | Rod of Necromancy |
| 2:49 | Crypt Fiend |
| 3:10 | Acolyte |
| 3:23 | Sacrificial Skull |
| 3:27 | Crypt Fiend |
| 4:12 | Ziggurat |
| 4:24 | Necropolis |
| 4:50 | Crypt Fiend |
| 5:38 | Crypt Fiend |
| 5:41 | Impale |
| 5:51 | Spirit Tower |
| 5:53 | Ziggurat |
| 5:55 | Crypt Fiend |
| 6:04 | Acolyte |
| 6:04 | Acolyte |
| 6:05 | Acolyte |
| 6:13 | Crypt Fiend |
| 6:34 | Halls of the Dead |
| 6:35 | Crypt Fiend |
| 6:48 | Spirit Tower |
| 6:50 | Acolyte |
| 7:12 | Crypt Fiend |
| 7:16 | Crypt |
| 7:37 | Ziggurat |
| 7:58 | Forest Troll Shadow Priest |
| 8:16 | Forest Troll Berserker |
| 8:17 | Mud Golem |
| 8:18 | Ogre Mauler |
| 8:29 | Ghoul |
| 8:30 | Ghoul |
| 8:33 | Impale |
| 8:46 | Spirit Tower |
| 8:49 | Ziggurat |
| 8:56 | Crypt |
| 9:11 | Ghoul |
| 9:48 | Rod of Necromancy |
| 9:54 | Ghoul |
| 9:58 | Spiked Carapace |
| 10:19 | Ghoul |
| 10:30 | Scroll of Town Portal |
| 10:39 | Web |
| 10:54 | Spirit Tower |
| 11:12 | Ghoul |
| 11:15 | Unholy Aura |
| 11:37 | Black Citadel |
| 11:38 | Ghoul |
| 12:24 | Death Coil |
| 12:34 | Crypt Fiend |
| 12:51 | Ghoul |
| 13:19 | Impale |
| 13:26 | Acolyte |
| 13:26 | Acolyte |
| 13:32 | Ziggurat |
| 13:37 | Ghoul |
| 13:44 | Unholy Strength |
| 13:58 | Ghoul |
| 14:09 | Ghoul Frenzy |
| 14:17 | Ghoul |
| 14:27 | Potion of Mana |
| 14:33 | Ghoul |
| 14:45 | Ghoul |
| 14:53 | Unholy Armor |
| 15:03 | Forest Troll Shadow Priest |
| 15:15 | Ghoul |
| 15:30 | Ghoul |
| 15:39 | Ghoul |
| 15:50 | Ghoul |
| 15:57 | Improved Unholy Strength |
| 16:04 | Ghoul |
| 16:13 | Ziggurat |
| 16:21 | Ghoul |
| 16:39 | Scroll of Healing |
| 16:51 | Scroll of Town Portal |
| 17:01 | Ghoul |
| 17:35 | Ghoul |
| 18:05 | Ghoul |
| 18:08 | Unholy Aura |
| 18:29 | Ghoul |
| 18:35 | Potion of Mana |
| 18:43 | Ghoul |
| 18:52 | Ghoul |
| 18:55 | Ghoul |
| 19:10 | Ghoul |
| 19:12 | Ghoul |
| 19:24 | Ghoul |
| 19:37 | Scroll of Healing |
| 19:45 | Scroll of Protection |
| 19:59 | Scroll of Healing |
| 20:39 | Ghoul |
| 20:39 | Ghoul |
| 21:07 | Crypt Fiend |
| 21:27 | Crypt Fiend |
| 21:41 | Crypt Fiend |
| 22:32 | Crypt Fiend |
| Select | 341 |
| Right click | 302 |
| Select group | 196 |
| Misc. action | 125 |
| Build/train/purchase | 107 |
| Assign group | 63 |
| Use ability | 25 |
| Remove unit | 10 |
| Item give/drop | 6 |
| Chat | 6 |
โ